 Dungeon Crawl Stone Soup version 0.20-a0-1000-g0e8f6bb (webtiles) character file.

165 barbarian the Skirmisher (level 5, -7/47 HPs)
             Began as a Draconian Berserker on Apr 12, 2017.
             Was a Believer of Trog.
             Mangled by an ogre
             ... wielding a +0 giant spiked club
              (31 damage)
             ... on level 4 of the Dungeon.
             The game lasted 00:04:35 (2969 turns).

barbarian the Skirmisher (Draconian Berserker)      Turns: 2969, Time: 00:04:35

Health: -7/47      AC:  5    Str: 19    XL:     5   Next: 21%
Magic:  5/5        EV:  9    Int:  7    God:    Trog [**....]
Gold:   137        SH: 12    Dex: 12    Spells: 4/4 levels left

rFire    . . .     SeeInvis .   a - +0 hand axe
rCold    . . .     Gourm    .   m - +0 large shield
rNeg     . . .     Faith    .   (armour unavailable)
rPois    +         Spirit   .   (helmet restricted)
rElec    .         Reflect  .   (no cloak)
rCorr    .         Harm     .   (no gloves)
MR       .....                  (no boots)
Stlth    +.........             (no amulet)
Regen    0.2/turn               n - ring of poison resistance
MPRegen  0.1/turn               (no ring)

@: no status effects
A: unfitting armour, cold-blooded, AC +5
a: Berserk, Trog's Hand, Burn Spellbooks, Renounce Religion


You were on level 4 of the Dungeon.
You worshipped Trog.
Trog was pleased with you.
You were near starving.

You visited 1 branch of the dungeon, and saw 4 of its levels.

You collected 137 gold pieces.

Inventory:

Hand Weapons
 a - a +0 hand axe (weapon)
Armour
 m - a +0 large shield (worn)
Jewellery
 n - a ring of poison resistance (left hand)
Scrolls
 g - a scroll of magic mapping {unknown}
 h - 7 scrolls of identify {unknown}
 i - 2 scrolls of random uselessness {unknown}
 j - a scroll of enchant armour {unknown}
 k - 2 scrolls of amnesia {unknown}
 l - a scroll of noise {unknown}
 o - 3 scrolls of remove curse {unknown}
 p - a scroll of teleportation {unknown}
 q - a scroll of recharging {unknown}
 r - 2 scrolls of fog {unknown}
Potions
 c - a potion of brilliance {unknown}
 d - a potion of mutation {unknown}
 e - 2 potions of curing {unknown}
Comestibles
 b - 5 bread rations
 f - 5 fruits
 s - a meat ration


   Skills:
 + Level 4.4 Fighting
 + Level 3.9 Axes
 + Level 3.7 Dodging
 + Level 1.7 Shields


You had 4 spell levels left.
You didn't know any spells.

Dungeon Overview and Level Annotations

Branches:
Dungeon (4/15)
 Temple: D:4-7

Altars:
Nemelex Xobeh
Wu Jian


Innate Abilities, Weirdness & Mutations

Your plain brown scales are hard. (AC +5)
You cannot fit into any form of body armour.
You are cold-blooded and may be slowed by cold attacks.


Message History

You're too hungry.
The ogre hits you with a giant spiked club!
You slash the ogre!
The ogre is moderately wounded.
You block the ogre's attack.
You hit the ogre.
The ogre is heavily wounded.
You hit the ogre. You tail-slap the ogre.
The ogre is severely wounded.
The ogre hits you with a giant spiked club!
You are too injured to fight recklessly!
You are too injured to fight recklessly!
You hit the ogre.
The ogre is almost dead.
You block the ogre's attack.
You hit the ogre but do no damage.
The ogre is almost dead.
The ogre hits you with a giant spiked club!!
Ouch! That really hurt!
You die...

# ####### #.#
##.....## ...
##.......## ..###
#.........##......
#.........@O.#
#.........####
#.........#
#.........#
#...)......#
#...........#
#..<......#...
#.........####
#.........#


You could see an ogre.

Vanquished Creatures
  A scorpion (D:3)
  4 adders
  An ooze (D:2)
  4 worms
  3 dart slugs
  2 bats (D:2)
  6 giant cockroaches
  4 goblins
  10 hobgoblins
  6 jackals
  2 quokkas
  2 frilled lizards
  3 kobolds
  8 rats
56 creatures vanquished.

Notes
Turn   | Place    | Note
-------+----------+-------------------------------------------
     0 | D:1      | barbarian the Draconian Berserker began the quest for the Orb.
     0 | D:1      | Reached XP level 1. HP: 19/19 MP: 1/1
   346 | D:1      | Reached XP level 2. HP: 23/26 MP: 2/2
  1161 | D:2      | Found an ornate altar of the Wu Jian Council.
  1222 | D:2      | Reached XP level 3. HP: 32/33 MP: 3/3
  1255 | D:2      | Reached skill level 4 in Fighting
  1429 | D:2      | Reached ** piety under Trog
  1431 | D:2      | Reached XP level 4. HP: 27/40 MP: 4/4
  1497 | D:2      | Found a sparkling altar of Nemelex Xobeh.
  2044 | D:3      | Reached skill level 1 in Shields
  2203 | D:3      | Reached XP level 5. HP: 29/47 MP: 5/5
  2961 | D:4      | Noticed an ogre
  2969 | D:4      | Mangled by an ogre

Vault maps used:
D:1:      minmay_arrival_four_houses
D:2:      nemelex_xobeh_ov_fountains_minmay, overflow_temple_1_default,
          first_bread, minmay_cut_off
D:4:      overflow_temple_1_default, lemuel_round_altar, lemuel_flame_loot_1

Skill      XL: |  1  2  3  4 |
---------------+-------------+-----
Dodging        | 3 |  3.7
Fighting       | 4 |  4.4
Shields        | 1 |  1.7
Axes           | |  3.9

Action                   |  1- 3 |  4- 6 || total
-------------------------+-------+-------++-------
Melee: Hand axe          |   104 |    88 ||   192
       Tailslap          |    17 |     8 ||    25
 Stab: Sleeping          |     1 |     1 ||     2
  Eat: Chunk             |     2 |     3 ||     5
Armor: Skin              |    29 |    11 ||    40
Dodge: Dodged            |    45 |    17 ||    62
Block: Large shield      |    20 |    42 ||    62
